 Dungeon Crawl Stone Soup version 0.17-a0-670-g5d95ebd (webtiles) character file.

144419 Leibowitz the Impaler (level 16, -1/144 HPs)
             Began as a Demigod Gladiator on Apr 11, 2015.
             Killed from afar by a deep elf annihilator (41 damage)
             ... with a bolt of lightning
             ... on level 3 of the Elven Halls on Apr 18, 2015.
             The game lasted 03:22:55 (43291 turns).

Leibowitz the Impaler (Demigod Gladiator)          Turns: 43291, Time: 03:22:58

Health: -1/144     AC: 28    Str: 22    XL:     16   Next: 32%
Magic:  20/20      EV: 12    Int: 12    God:
Gold:   1890       SH:  0    Dex: 22    Spells: 0 memorised, 15 levels left

rFire  + . .     SeeInvis .     a - +2 glaive (chop)
rCold  + . .     Clarity  .     L - +4 gold dragon armour
rNeg   . . .     SustAb   +     (no shield)
rPois  +         Gourm    .     c - +0 helmet
rElec  .         Spirit   .     H - +0 cloak {rPois}
rCorr  .         Warding  .     p - +0 pair of gloves
rMut   .         Stasis   .     T - +0 pair of boots
MR     +....                    C - amulet of regeneration
Stlth  ..........               y - ring of stealth
                                F - +4 ring of slaying

@: lethally poisoned (-1 -> -1), very slightly contaminated, invisible, somewhat
resistant to hostile enchantments, extremely unstealthy
A: high mp 1, mutation resistance 1, sustain abilities
a: no special abilities


You were on level 3 of the Elven Halls.
You were not hungry.

You visited 6 branches of the dungeon, and saw 32 of its levels.
You visited the Abyss 1 time.

You collected 3124 gold pieces.
You spent 1234 gold pieces at shops.

Inventory:

Hand weapons
 a - a +2 glaive of chopping (weapon)
 Y - a +7 spear of venom
Missiles
 D - 4 throwing nets (quivered)
Armour
 c - a +0 helmet (worn)
 p - a +0 pair of gloves (worn)
 H - a +0 cloak of poison resistance (worn)
 L - a +4 gold dragon armour (worn)
 Q - the +2 robe "Bianegruodu" {rN++ MP+9 Slay+3}
   (You bought it in a shop on level 2 of the Orcish Mines)

   It affects your accuracy and damage with ranged weapons and melee attacks
   (+3).
   It greatly protects you from negative energy.
   It affects your magic capacity (+9).
 T - a +0 pair of boots (worn)
 V - a +0 cloak of magic resistance
Jewellery
 l - an uncursed amulet of warding
 m - an uncursed ring of protection from fire
 t - an uncursed ring of protection from cold
 w - an uncursed ring of teleportation
 y - a ring of stealth (right hand)
 A - an uncursed amulet of resist corrosion
 C - an amulet of regeneration (around neck)
 F - a +4 ring of slaying (left hand)
 P - an uncursed ring of protection from cold
 W - a +3 ring of protection
Magical devices
 q - a wand of invisibility (2)
 z - a wand of fire (5)
 B - a wand of disintegration (3)
 N - a wand of fire (0)
 U - a wand of fire (7)
Scrolls
 g - 4 scrolls of teleportation
 h - 2 scrolls of remove curse
 i - a scroll of holy word
 j - 19 scrolls of identify
 k - 5 scrolls of recharging
 o - 3 scrolls of blinking
 r - 2 scrolls of silence
 E - 3 scrolls of magic mapping
 J - 3 scrolls of fear
 S - a scroll of fog
Potions
 e - 6 potions of might
 f - 2 potions of heal wounds
 n - 8 potions of agility
 x - a potion of haste
 I - 3 potions of flight
 M - 3 potions of cure mutation
 O - 3 potions of curing
 X - 4 potions of brilliance
 Z - 3 potions of cancellation
Comestibles
 b - a chunk of flesh
 d - 2 slices of pizza
 s - 4 bread rations
 K - 17 fruits


   Skills:
 + Level 13.5 Fighting
   Level 1.0 Long Blades
 + Level 15.7 Polearms
 + Level 4.3 Throwing
 + Level 12.0 Armour
 + Level 12.1 Dodging
 + Level 9.4 Stealth
 + Level 1.2 Evocations


You had 15 spell levels left.
You didn't know any spells.

Dungeon Overview and Level Annotations

Branches:
Dungeon (11/15)            Temple (0/1) D:5            Lair (8/8) D:11
  Swamp (4/5) Lair:6        Snake (2/5) Lair:4        Slime (0/6) Lair:6
    Orc (4/4) D:9             Elf (3/3) Orc:4

Shops:
Orc:2 [   Orc:4 *([?   Elf:1 =   Elf:2 }   Snake:1 (

Annotations:
Elf:2 1 runed door


Innate Abilities, Weirdness & Mutations

You have an increased reservoir of magic (+10% MP).
Your attributes are resistant to harm.
You are somewhat resistant to further mutation.


Message History

Drink which item? (? for menu, Esc to quit)
You feel much better.
You feel sick.
The deep elf blademaster hits you but does no damage. x2
The deep elf annihilator closely misses you.
The deep elf blademaster hits you but does no damage.
The deep elf blademaster hits you with a rapier.
* * * LOW HITPOINT WARNING * * *
You completely miss the deep elf annihilator.
You feel sick.
The deep elf annihilator mumbles some strange words.
The deep elf annihilator blinks!
The deep elf blademaster hits you but does no damage. x2
You completely miss the deep elf blademaster.
The deep elf blademaster is moderately wounded.
You feel sick.
The deep elf blademaster hits you but does no damage.
The deep elf blademaster barely misses you.
The deep elf annihilator gestures at you while chanting.
The bolt of lightning hits you!
You die...

#..# #..# #ee#
#############..#######
...............P.....#
.....................#
.....................#
#########+########...#
................@#...#
................e§...#
..)..............#...#
.))###########...#...#
(((#.........#...#...#
(.().........'...#...#
(..#.........#...#..e#
...#.........#...#...#
...#.........#...#...#


You could see a deep elf blademaster and a deep elf annihilator.

Vanquished Creatures
  Rupert (Lair:4)
  Gastronok (Lair:1)
  3 thorn hunters
  Roxanne (Swamp:2)
  A deep elf sorcerer (Elf:1)
  Louise (Snake:1)
  A deep elf annihilator (Elf:3)
  Snorg (Lair:6)
  A deep elf death mage (Elf:1)
  Fannar (Lair:1)
  A naga warrior (Snake:2)
  A ghost crab (Swamp:2)
  Harold (Orc:2)
  13 hydras
  Erica (D:10)
  20 dancing weapons (Elf:2)
  5 alligators
  3 anacondas
  4 naga sharpshooters
  2 ogre magi (Orc:4)
  A shock serpent (Snake:2)
  6 deep elf knights
  An unseen horror (D:10)
  4 swamp dragons
  2 deep trolls (Orc:4)
  2 deep elf summoners
  5 hill giants
  A sea snake (Snake:1)
  A necromancer (Elf:1)
  Psyche (D:8)
  A hill giant (shapeshifter) (Elf:2)
  Pikel (D:8)
  3 naga ritualists
  A mana viper (Snake:1)
  3 deep elf conjurers
  2 shambling mangroves (Swamp:3)
  An ugly thing (D:11)
  An orc knight (Orc:3)
  An oklob plant (Lair:7)
  A lindwurm (Lair:8)
  2 griffons
  A manticore (D:8)
  An orc sorcerer (Orc:4)
  2 cyclopes (Orc:4)
  4 hornets
  2 salamanders (Snake:1)
  Joseph (D:9)
  11 spiny frogs
  A gargoyle (D:8)
  19 black mambas
  9 komodo dragons
  A naga mage (Snake:2)
  11 deep elf priests
  A fire drake (shapeshifter) (Elf:3)
  11 trolls
  2 polar bears
  4 ravens
  Prince Ribbit (D:8)
  6 bog bodies
  8 two-headed ogres
  9 giant leeches
  9 blink frogs
  13 slime creatures
  26 deep elf magi
  7 spriggans
  9 baby alligators
  A trapdoor spider (shapeshifter) (Elf:1)
  27 yaks
  A wyvern (Lair:6)
  2 basilisks
  A shadow (Swamp:2)
  14 deep elf fighters
  16 vampire mosquitoes
  A soldier ant (shapeshifter) (Elf:1)
  4 large abominations
  25 water moccasins
  Menkaure (D:5)
  12 hippogriffs
  10 nagas
  16 wolves
  16 insubstantial wisps
  19 swamp worms
  10 porcupines
  6 necrophages
  16 orc warriors
  4 phantoms
  3 ice beasts
  8 wasps
  3 black bears
  10 swamp drakes
  2 sky beasts
  2 boring beetles (D:11)
  An eye of draining (D:11)
  28 ogres
  9 centaurs
  15 crocodiles
  13 giant frogs
  A gnoll sergeant (D:6)
  A wyvern skeleton (D:11)
  3 scorpions
  9 killer bees
  10 wights (D:9)
  2 water moccasin skeletons
  2 centaur zombies
  5 electric eels
  3 crimson imps
  8 hounds
  A quasit (D:7)
  A giant frog zombie (D:9)
  3 goliath beetles
  Crazy Yiuf (D:7)
  2 centaur skeletons
  32 orc priests
  5 gnoll shamans (D:6)
  7 iguanas
  17 jellies
  24 orc wizards
  2 giant frog skeletons
  7 worker ants
  6 sheep (Lair:6)
  A hound skeleton (D:6)
  A mummy (D:11)
  A hound zombie (D:7)
  2 worker ant zombies (D:6)
  26 adders
  45 gnolls
  88 river rats
  A shadow imp (D:6)
  3 worms
  An adder zombie (D:7)
  2 adder skeletons (D:5)
  7 giant geckos
  4 oozes
  184 orcs
  3 ball pythons
  A bat skeleton (D:5)
  A bat zombie (D:7)
  21 goblins
  25 hobgoblins
  31 jackals
  21 kobolds
  14 quokkas
  15 bats
  7 giant cockroaches
  A giant gecko zombie (D:7)
  4 giant newts
  A giant spore (D:6)
  A quokka skeleton (D:5)
  A quokka zombie (D:7)
  19 rats
  3 ballistomycetes (D:6)
  A briar patch (Swamp:3)
  3 bushes
  5 plants
1265 creatures vanquished.

Vanquished Creatures (others)
  A deep elf knight (Elf:2)
  2 deep elf fighters (Elf:3)
  A large abomination (Elf:1)
  3 slaves (D:8)
  An elf zombie (Elf:1)
  A giant frog (D:8)
  2 adders
  A goblin (D:5)
  A hobgoblin (D:5)
  7 plants (Snake:1)
20 creatures vanquished.

Grand Total: 1285 creatures vanquished

Notes
Turn   | Place    | Note
--------------------------------------------------------------
     0 | D:1      | Leibowitz, the Demigod Gladiator, began the quest for the Orb.
     0 | D:1      | Reached XP level 1. HP: 17/17 MP: 3/3
   349 | D:1      | Reached skill level 3 in Polearms
   349 | D:1      | Reached XP level 2. HP: 22/24 MP: 4/4
  1056 | D:1      | Reached XP level 3. HP: 29/29 MP: 5/5
  1455 | D:2      | Found a basalt altar of Yredelemnul.
  1560 | D:2      | Reached skill level 1 in Armour
  1693 | D:2      | Reached XP level 4. HP: 36/36 MP: 6/6
  2429 | D:3      | Found a glowing golden altar of the Shining One.
  2643 | D:3      | Reached XP level 5. HP: 38/42 MP: 5/7
  3124 | D:4      | Reached skill level 4 in Polearms
  3527 | D:4      | Found a sparkling altar of Nemelex Xobeh.
  3615 | D:4      | Reached XP level 6. HP: 50/50 MP: 8/8
  4299 | D:5      | Entered Level 5 of the Dungeon
  4498 | D:5      | Found a staircase to the Ecumenical Temple.
  4503 | D:5      | Found an ancient bone altar of Kikubaaqudgha.
  4648 | D:4      | Reached skill level 5 in Polearms
  4648 | D:4      | Reached XP level 7. HP: 49/57 MP: 6/9
  4834 | D:5      | Found a shimmering altar of Xom.
  4848 | D:5      | Noticed Menkaure
  4862 | D:5      | Killed Menkaure
  4862 | D:5      | Reached skill level 1 in Stealth
  5210 | D:5      | Found a sacrificial altar of Ru.
  5489 | D:6      | Reached XP level 8. HP: 66/66 MP: 10/10
  5679 | D:6      | Reached skill level 6 in Polearms
  6050 | D:6      | Reached skill level 5 in Armour
  6091 | D:6      | Gained mutation: Your flesh is cold resistant. [potion of beneficial mutation]
  6595 | D:6      | Reached skill level 5 in Fighting
  7200 | D:6      | Reached skill level 7 in Polearms
  7760 | D:6      | Found a white marble altar of Elyvilon.
  7764 | D:6      | Reached XP level 9. HP: 71/74 MP: 12/12
  8017 | D:6      | Found a snail-covered altar of Cheibriados.
  8127 | D:7      | Found an iron altar of Okawaru.
  8270 | D:7      | Reached skill level 5 in Dodging
  8297 | D:7      | Found a shadowy altar of Dithmenos.
  8831 | D:7      | Found a blossoming altar of Fedhas.
  9160 | D:7      | Noticed Crazy Yiuf
  9171 | D:7      | Killed Crazy Yiuf
  9213 | D:7      | Found a sparkling altar of Nemelex Xobeh.
  9318 | D:8      | Noticed Pikel
  9345 | D:8      | Killed Pikel
  9479 | D:8      | Noticed Prince Ribbit
  9490 | D:8      | Killed Prince Ribbit
  9529 | D:8      | Lost mutation: Your flesh is cold resistant. [potion of cure mutation]
  9773 | D:8      | Reached skill level 8 in Polearms
 10100 | D:8      | Noticed a gargoyle
 10121 | D:8      | Killed a gargoyle
 10121 | D:8      | Reached XP level 10. HP: 17/84 MP: 3/13
 10459 | D:8      | Noticed Psyche
 10471 | D:8      | Killed Psyche
 10523 | D:8      | Noticed a manticore
 10533 | D:8      | Killed a manticore
 11154 | D:9      | Noticed Joseph
 11168 | D:9      | Killed Joseph
 11168 | D:9      | Reached skill level 9 in Polearms
 11680 | D:9      | Found a staircase to the Orcish Mines.
 11817 | D:9      | Found a stormy altar of Qazlal.
 11858 | D:10     | Entered Level 10 of the Dungeon
 11874 | D:10     | Noticed Erica
 11895 | D:10     | Killed Erica
 12427 | D:10     | Reached XP level 11. HP: 92/92 MP: 14/14
 12573 | D:10     | Noticed a hill giant
 12583 | D:10     | Killed a hill giant
 13409 | D:11     | Reached skill level 10 in Polearms
 13651 | D:11     | Found a staircase to the Lair.
 14027 | Lair:1   | Entered Level 1 of the Lair of Beasts
 14200 | Lair:1   | Noticed Fannar
 14231 | Lair:1   | Killed Fannar
 14458 | Lair:1   | Noticed Gastronok
 14479 | Lair:1   | Killed Gastronok
 14479 | Lair:1   | Reached skill level 5 in Stealth
 14663 | Lair:1   | Found a sacrificial altar of Ru.
 14693 | Lair:1   | Noticed an eight-headed hydra
 14707 | Lair:1   | Killed a three-headed hydra
 14707 | Lair:1   | Reached XP level 12. HP: 41/103 MP: 3/15
 15009 | Lair:1   | Gained mutation: You are somewhat resistant to further mutation. [potion of beneficial mutation]
 15572 | Lair:2   | Reached skill level 11 in Polearms
 15587 | Lair:2   | Reached skill level 1 in Long Blades
 15877 | Lair:2   | Reached skill level 10 in Armour
 16112 | Lair:3   | Noticed a seven-headed hydra
 16121 | Lair:3   | Killed a seven-headed hydra
 16861 | Lair:3   | Noticed a four-headed hydra
 16871 | Lair:3   | Killed a four-headed hydra
 17147 | Lair:4   | Found a staircase to the Snake Pit.
 17756 | Lair:4   | Noticed Rupert
 17789 | Lair:4   | Paralysed by Rupert for 5 turns
 17812 | Lair:4   | Killed Rupert
 18120 | Lair:4   | Found an iron altar of Okawaru.
 18724 | Lair:5   | Reached skill level 10 in Fighting
 18770 | Lair:5   | Reached skill level 12 in Polearms
 18895 | Lair:5   | Reached XP level 13. HP: 87/113 MP: 12/16
 19571 | Lair:6   | Noticed Snorg
 19593 | Lair:6   | Killed Snorg
 20113 | Lair:6   | Found a staircase to the Slime Pits.
 20410 | Lair:6   | Found a staircase to the Swamp.
 21672 | Lair:7   | Reached skill level 1 in Evocations
 21968 | Lair:8   | Entered Level 8 of the Lair of Beasts
 22626 | Orc:1    | Entered Level 1 of the Orcish Mines
 23102 | Orc:1    | Upgraded the game from 0.17-a0-484-g0e03f6a to 0.17-a0-633-gcf22183
 23186 | Orc:2    | Noticed Harold
 23298 | Orc:2    | Found Loedghamu's Antique Armour Emporium.
 23305 | Orc:2    | Bought a silken robe for 199 gold pieces
 23315 | Orc:2    | Identified the +2 robe "Bianegruodu" {rN++ MP+9 Slay+3} (You bought it in a shop on level 2 of the Orcish Mines)
 23328 | Orc:2    | Killed Harold
 23334 | Orc:2    | Bought a glowing cloak for 157 gold pieces
 23957 | Orc:3    | Found a roughly hewn altar of Beogh.
 25365 | Orc:4    | Entered Level 4 of the Orcish Mines
 25698 | Orc:4    | Reached skill level 13 in Polearms
 26170 | Orc:4    | Reached XP level 14. HP: 50/124 MP: 18/18
 26908 | Orc:4    | Found Jaboib's Magic Scroll Shop.
 26908 | Orc:4    | Found Zobiot's Assorted Antiques.
 26908 | Orc:4    | Found Acoffam's Weapon Shoppe.
 26909 | Orc:4    | Found Coufuywn's Antique Armour Shoppe.
 26993 | Orc:4    | Found a staircase to the Elven Halls.
 27558 | Snake:1  | Entered Level 1 of the Snake Pit
 27764 | Snake:1  | Noticed Louise
 28439 | Snake:1  | Found Cudunk's Antique Weapon Shop.
 28447 | Snake:1  | Bought a runed glaive for 214 gold pieces
 28448 | Snake:1  | Bought a glowing glaive for 214 gold pieces
 29012 | Snake:1  | Killed Louise
 30276 | Swamp:1  | Entered Level 1 of the Swamp
 31332 | Swamp:1  | Found a white marble altar of Elyvilon.
 31947 | Swamp:2  | Noticed Roxanne
 32095 | Swamp:2  | Killed Roxanne
 32095 | Swamp:2  | Reached skill level 10 in Dodging
 32639 | Swamp:2  | Reached skill level 14 in Polearms
 33470 | Swamp:2  | Reached XP level 15. HP: 29/132 MP: 13/19
 33618 | Swamp:2  | Noticed a thorn hunter
 34456 | Swamp:2  | Killed a thorn hunter
 34858 | Swamp:2  | Upgraded the game from 0.17-a0-633-gcf22183 to 0.17-a0-670-g5d95ebd
 35368 | Swamp:3  | Noticed a thorn hunter
 35378 | Swamp:3  | Killed a thorn hunter
 37478 | Swamp:4  | Noticed a thorn hunter
 37488 | Swamp:3  | Noticed a thorn hunter
 37499 | Swamp:3  | Killed a thorn hunter
 39586 | D:10     | Killed an unseen horror
 39745 | Elf:1    | Entered Level 1 of the Elven Halls
 39917 | Elf:1    | Reached skill level 15 in Polearms
 40034 | Elf:1    | Identified the Incunabulum of Forking Paths (You found it on level 1 of the Elven Halls)
 40509 | Elf:1    | Found Suklocud's Jewellery Emporium.
 40517 | Elf:1    | Bought an uncursed amulet of regeneration for 450 gold pieces
 40713 | Elf:2    | Found a runed door.
 40739 | Elf:2    | Found a runed door.
 40934 | Elf:2    | Found Padghekosh's Gadget Boutique.
 40975 | Elf:2    | Found a deep blue altar of Sif Muna.
 41362 | Elf:2    | Reached XP level 16. HP: 128/143 MP: 20/20
 41703 | Elf:2    | Cast into the Abyss (war axe of distortion)
 41741 | Abyss:1  | Noticed an ancient lich
 41744 | Abyss:1  | Noticed a tentacled monstrosity
 41770 | Elf:2    | Escaped the Abyss
 42730 | Elf:3    | Entered Level 3 of the Elven Halls
 43254 | Elf:3    | Noticed a deep elf blademaster
 43291 | Elf:3    | Killed from afar by a deep elf annihilator

Action                   |  1- 3 |  4- 6 |  7- 9 | 10-12 | 13-15 | 16-18 || total
-------------------------+-------+-------+-------+-------+-------+-------++-------
Melee: Trident           |   135 |   285 |   442 |       |       |       ||   862
       Spear             |       |       |   234 |  1132 |  1610 |    33 ||  3009
       Scimitar          |       |       |       |     9 |       |       ||     9
       Glaive            |       |       |       |       |   703 |   166 ||   869
 Fire: Blowgun           |       |       |    11 |     8 |     1 |       ||    20
Throw: Throwing net      |       |     6 |    12 |     9 |     1 |       ||    28
Evoke: Wand              |       |       |     2 |     3 |     4 |       ||     9
  Use: Potion            |       |       |    13 |     7 |     8 |     4 ||    32
       Scroll            |       |       |     9 |    10 |    13 |     4 ||    36
 Stab: Held in net/web   |       |     1 |    10 |     6 |       |       ||    17
       Invisible         |       |       |     4 |       |       |     4 ||     8
       Confused          |       |       |       |     2 |     2 |       ||     4
       Sleeping          |       |       |       |     5 |    43 |       ||    48
       Distracted        |       |       |       |       |    10 |     3 ||    13
  Eat: Chunk             |     2 |    10 |    19 |    30 |    67 |     9 ||   137
       Beef jerky        |       |       |       |       |     1 |     1 ||     2
       Meat ration       |       |       |       |       |     1 |       ||     1
